 Dungeon Crawl Stone Soup version 0.21-a0-84-g85d6d27 (webtiles) character file.

19347 hairmachine the Severer (level 12, 0/116 HPs)
             Began as a Deep Dwarf Fighter on June 24, 2017.
             Was an Elder of Elyvilon.
             Slain by Avack's ghost (21 damage)
             ... on level 6 of the Lair of Beasts.
             The game lasted 00:32:36 (10589 turns).

hairmachine the Severer (Deep Dwarf Fighter)       Turns: 10589, Time: 00:32:37

Health: 0/116      AC: 16    Str: 27    XL:     12   Next: 35%
Magic:  7/7        EV:  5    Int:  9    God:    Elyvilon [****..]
Gold:   583        SH: 10    Dex: 15    Spells: 11/11 levels left

rFire    + + .     SeeInvis .   a - +1 war axe (flame)
rCold    . . .     Gourm    .   c - +0 shield
rNeg     . . .     Faith    .   I - +0 plate armour {rF+}
rPois    +         Spirit   .   n - +1 helmet
rElec    .         Reflect  .   v - +0 cloak
rCorr    .         Harm     .   (no gloves)
MR       +....                  (no boots)
Stlth    ..........             (no amulet)
HPRegen  0.00/turn              w - +3 ring of dexterity
MPRegen  0.10/turn              L - ring of poison resistance

@: non-regenerating
A: damage resistance, heal wounds, claws 1, deterioration 1, fire resistance 1,
sense surroundings 2, strong 1, no regeneration
a: Heal Wounds, Lesser Healing, Heal Other, Purification, Greater Healing,
Divine Protection, Renounce Religion


You were on level 6 of the Lair of Beasts.
You worshipped Elyvilon.
Elyvilon was greatly pleased with you.
You were not hungry.

You visited 2 branches of the dungeon, and saw 15 of its levels.

You collected 823 gold pieces.
You spent 240 gold pieces at shops.

Inventory:

Hand Weapons
 a - a +1 war axe of flaming (weapon)
 F - a +0 mace of protection
Missiles
 o - 404 stones (quivered)
 J - 2 throwing nets
Armour
 c - a +0 shield (worn)
 n - a +1 helmet (worn)
 v - a +0 cloak (worn)
 I - a +0 plate armour of fire resistance (worn)
Jewellery
 w - a +3 ring of dexterity (left claw)
 L - a ring of poison resistance (right claw)
 Q - an uncursed ring of resist corrosion {unknown}
 U - an uncursed amulet of the gourmand {unknown}
Wands
 d - a wand of confusion (0/48)
 h - a wand of acid (0/15)
 t - a wand of lightning (0/15)
 H - a wand of lightning (0/15)
 M - a wand of disintegration (1/24)
 T - a wand of polymorph (12/24)
Scrolls
 i - 5 scrolls of teleportation
 j - 2 scrolls of enchant armour
 l - 4 scrolls of fog
 m - 5 scrolls of remove curse
 p - a scroll of brand weapon
 r - a scroll of acquirement {unknown}
 y - a scroll of fear
 B - 2 scrolls of magic mapping
 G - 4 scrolls of identify
 N - a scroll of random uselessness {unknown}
 P - a scroll of summoning {unknown}
Potions
 b - 2 potions of resistance {unknown}
 e - 3 potions of curing
 k - a potion of invisibility
 s - a potion of flight {unknown}
 u - 3 potions of haste
 x - a potion of degeneration {unknown}
 z - 5 potions of heal wounds {unknown}
 C - a potion of berserk rage {unknown}
 D - a potion of brilliance {unknown}
 K - 4 potions of mutation {unknown}
 O - a potion of ambrosia {unknown}
Books
 S - a book of Transfigurations

   Spells                             Type                      Level
   a - Irradiate                      Conjuration/Transmutation    5
   b - Statue Form                    Transmutation/Earth          6
   c - Hydra Form                     Transmutation                6
   d - Dragon Form                    Transmutation                7
Miscellaneous
 R - a fan of gales (inert)
Comestibles
 f - 13 bread rations
 g - 4 royal jellies
 q - 15 chunks of flesh
 A - 7 meat rations
 E - 6 fruits


   Skills:
 + Level 9.8 Fighting
 + Level 16.9 Axes
 - Level 7.1 Armour
 - Level 3.2 Shields
 + Level 5.3 Invocations


You had 11 spell levels left.
You didn't know any spells.

Dungeon Overview and Level Annotations

Branches:
Dungeon (9/15)             Temple (0/1) D:6            Lair (6/6) D:8
 Shoals (0/4) Lair:4       Spider (0/4) Lair:3        Slime (0/5) Lair:5
    Orc (0/2) D:9

Altars:
Ashenzari
Cheibriados
Dithmenos
Elyvilon
Makhleb
Nemelex Xobeh
Okawaru
Qazlal
Trog
Uskayaw
Wu Jian
Xom
Yredelemnul

Shops:
D:5 (   D:6 *

Annotations:
D:3 1 runed door
Lair:2 Gastronok, Harold
Lair:3 exclusion: orb spider
Lair:5 exclusion: oklob plant
Lair:6 exclusion: 4 oklob plants, Avack's ghost, journeyman FeBe


Innate Abilities, Weirdness & Mutations

You are resistant to damage.
You can heal yourself by infusing magical energy.
You passively map the area around you.
You do not regenerate.
You have sharp fingernails.
Your body sometimes deteriorates upon taking damage.
Your flesh is heat resistant. (rF+)
Your muscles are strong. (Str +2)


Message History

The eight-headed hydra roars!
The komodo dragon hisses angrily.
The five-headed hydra roars!
The polar bear growls angrily.
Found seven items.
As you read the scroll of fear, it crumbles to dust.
You assume a fearsome visage.
The oklob plant is unaffected.
The eight-headed hydra easily resists.
The oklob plant is unaffected. x2
The komodo dragon looks frightened!
The five-headed hydra looks frightened!
The polar bear looks frightened!
The oklob plant is unaffected.
The basilisk looks frightened!
The spiny frog looks frightened! x2
Avack's ghost is unaffected.
The eight-headed hydra bites the plant! x2
The eight-headed hydra bites the plant.
The eight-headed hydra bites the plant!
The eight-headed hydra bites the plant.
The eight-headed hydra bites the plant but does no damage.
The eight-headed hydra bites the plant!
The plant is destroyed!
Avack's ghost hits you but does no damage.
Found a twisted runed staff.
Found a stone staircase leading up.
Avack's ghost hits you!!
You die...

* , ,, ≈ , , , * ,
,..≈≈≈≈≈≈....... ,
....≈≈≈≈≈≈.#...P., ,
#######..........#.....
*
#.P.$)P....P...........
,
#"..P[P....#P....P.|P..
,
#DlP$.P...#............
* #....PP...........P<##
,, ,
#l(..$........W@.....# ,
,,
#######....D....P...## ,
, ,
#...................# *
, ,
#........#..........#
#.......[.....##.P..#,
#P.......#.$..# ......,
*
##F....................
,
#.............PP.......
, ,
#.....................,*
*


You could see an eight-headed hydra and Avack's ghost.

Vanquished Creatures
  2 hydras
  Erolcha (D:9)
  A two-headed ogre (D:9)
  A black mamba (Lair:4)
  5 elephants
  A merfolk siren (Lair:4)
  4 spiny frogs
  A gargoyle (D:7)
  A rime drake (Lair:3)
  4 komodo dragons
  A troll (D:9)
  A merfolk (Lair:4)
  A polar bear (Lair:5)
  5 slime creatures (D:9)
  4 hippogriffs
  7 dream sheep (Lair:5)
  6 blink frogs
  7 yaks
  A spriggan (Lair:3)
  A basilisk (Lair:3)
  7 water moccasins
  6 porcupines
  5 orc warriors
  A sky beast (D:9)
  2 black bears
  2 ogres
  2 centaurs
  5 wolves (Lair:5)
  10 crocodiles
  12 bullfrogs
  5 wights (D:7)
  2 jellies
  A howler monkey (D:5)
  A bullfrog zombie (D:7)
  6 crimson imps
  5 hounds
  A gnoll shaman (D:4)
  An orc priest (D:9)
  7 orc wizards
  A bullfrog skeleton (D:5)
  An iguana (D:8)
  Terence (D:2)
  2 hell rats (D:8)
  Natasha (D:3)
  7 worker ants
  A hound zombie (D:5)
  2 hound skeletons
  Robin (D:2)
  7 gnolls
  6 adders
  A river rat (D:8)
  3 shadow imps
  2 oozes
  3 adder skeletons
  A worm (D:3)
  4 dart slugs
  2 leopard geckos (D:4)
  27 orcs
  4 bats
  A giant cockroach (D:3)
  14 goblins
  8 hobgoblins
  10 jackals
  A quokka (D:7)
  6 frilled lizards
  2 kobolds
  A leopard gecko skeleton (D:5)
  A quokka skeleton (D:3)
  A quokka zombie (D:9)
  4 rats
  A spectral orc (D:9)
  A plant (Lair:3)
264 creatures vanquished.

Vanquished Creatures (others)
  Natasha (D:3)
  A plant (Lair:6)
2 creatures vanquished.

Grand Total: 266 creatures vanquished

Notes
Turn   | Place    | Note
-------+----------+-------------------------------------------
     0 | D:1      | hairmachine the Deep Dwarf Fighter began the quest for the Orb.
     0 | D:1      | Reached XP level 1. HP: 20/20 MP: 1/1
    68 | D:1      | Found an iron altar of Okawaru.
   209 | D:1      | Reached skill level 3 in Axes
   209 | D:1      | Reached XP level 2. HP: 17/27 MP: 2/2
   619 | D:2      | Noticed Robin
   625 | D:2      | Reached XP level 3. HP: 28/33 MP: 3/3
   626 | D:2      | Reached skill level 4 in Axes
   630 | D:2      | Killed Robin
   779 | D:2      | Found a white marble altar of Elyvilon.
   827 | D:2      | Became a worshipper of Elyvilon the Healer
   900 | D:2      | Found a shimmering altar of Xom.
   914 | D:2      | Noticed Terence
   923 | D:2      | Killed Terence
   923 | D:2      | Reached skill level 5 in Axes
   923 | D:2      | Reached XP level 4. HP: 40/40 MP: 3/3
  1162 | D:2      | Found a bloodstained altar of Trog.
  1233 | D:3      | Reached XP level 5. HP: 43/46 MP: 4/4
  1262 | D:3      | Reached * piety under Elyvilon
  1324 | D:3      | Noticed Natasha
  1334 | D:3      | Killed Natasha
  1334 | D:3      | Reached skill level 6 in Axes
  1745 | D:3      | Noticed Natasha
  1748 | D:3      | Killed Natasha
  1966 | D:3      | Reached skill level 7 in Axes
  1966 | D:3      | Reached XP level 6. HP: 31/55 MP: 5/5
  2015 | D:3      | Found a runed door.
  2136 | D:4      | Found a shattered altar of Ashenzari.
  2196 | D:4      | Reached ** piety under Elyvilon
  2300 | D:4      | Found a shadowy altar of Dithmenos.
  2435 | D:4      | Reached skill level 8 in Axes
  2680 | D:4      | Reached XP level 7. HP: 46/61 MP: 6/6
  3089 | D:5      | Entered Level 5 of the Dungeon
  3118 | D:5      | Reached skill level 9 in Axes
  3247 | D:5      | Found Xeki's Weapon Boutique.
  3596 | D:5      | Reached *** piety under Elyvilon
  3898 | D:6      | Reached skill level 10 in Axes
  3912 | D:6      | Found a staircase to the Ecumenical Temple.
  3940 | D:6      | Reached XP level 8. HP: 55/68 MP: 7/7
  4297 | D:6      | Reached **** piety under Elyvilon
  4465 | D:6      | Found Deowyjoo's General Store.
  4473 | D:6      | Bought a scroll of brand weapon for 240 gold pieces
  5069 | D:7      | Noticed a gargoyle
  5382 | D:7      | Reached skill level 11 in Axes
  5538 | D:8      | Noticed a death yak
  5637 | D:7      | Killed a gargoyle
  5681 | D:7      | Reached skill level 12 in Axes
  5683 | D:7      | Found an ornate altar of the Wu Jian Council.
  5806 | D:7      | Gained mutation: You passively map the area around you. [Deep Dwarf growth]
  5806 | D:7      | Reached XP level 9. HP: 69/76 MP: 8/8
  6245 | D:8      | Noticed a death yak
  6248 | D:8      | Noticed a death yak
  6268 | D:9      | Reached skill level 5 in Armour
  6282 | D:9      | Found a snail-covered altar of Cheibriados.
  6282 | D:9      | Noticed Erolcha
  6295 | D:9      | Killed Erolcha
  6295 | D:9      | Reached skill level 13 in Axes
  6333 | D:9      | Noticed a troll
  6335 | D:9      | Noticed a two-headed ogre
  6339 | D:9      | Killed a two-headed ogre
  6339 | D:9      | Reached skill level 5 in Fighting
  6381 | D:9      | Found a sparkling altar of Nemelex Xobeh.
  6406 | D:9      | Reached XP level 10. HP: 55/88 MP: 9/9
  6416 | D:9      | Found a stormy altar of Qazlal.
  6510 | D:9      | Gained mutation: Your body sometimes deteriorates upon taking damage. [mutagenic meat]
  6511 | D:9      | Gained mutation: Your flesh is heat resistant. (rF+) [mutagenic meat]
  6512 | D:9      | Gained mutation: Your muscles are strong. (Str +2) [mutagenic meat]
  6513 | D:9      | Gained mutation: You have sharp fingernails. [mutagenic meat]
  6578 | D:9      | Found an iron altar of Okawaru.
  6629 | D:9      | Found a basalt altar of Yredelemnul.
  6657 | D:9      | Found a staircase to the Orcish Mines.
  6791 | D:9      | Reached skill level 14 in Axes
  6791 | D:9      | Reached skill level 1 in Invocations
  6914 | D:8      | Found a burning altar of Makhleb.
  7024 | D:8      | Found a staircase to the Lair.
  7079 | Lair:1   | Entered Level 1 of the Lair of Beasts
  7079 | Lair:1   | Noticed a spiny frog
  7086 | Lair:1   | Killed a spiny frog
  7340 | Lair:1   | Reached XP level 11. HP: 72/100 MP: 8/8
  7511 | Lair:1   | Reached skill level 15 in Axes
  8068 | Lair:2   | Reached ***** piety under Elyvilon
  8306 | Lair:2   | Noticed Harold
  8306 | Lair:2   | Noticed Gastronok
  8685 | Lair:3   | Found a hole to the Spider Nest.
  8685 | Lair:3   | Noticed an orb spider
  9046 | Lair:3   | Noticed a seven-headed hydra
  9075 | Lair:3   | Killed a seven-headed hydra
  9075 | Lair:3   | Reached skill level 16 in Axes
  9188 | Lair:3   | You fall through a shaft!
  9717 | Lair:4   | Found a hide-covered altar of Uskayaw.
  9830 | Lair:4   | Found a staircase to the Shoals.
  9940 | Lair:4   | Reached XP level 12. HP: 87/114 MP: 5/7
 10376 | Lair:5   | Noticed an eight-headed hydra
 10392 | Lair:5   | Killed a five-headed hydra
 10392 | Lair:5   | Reached skill level 5 in Invocations
 10420 | Lair:5   | Found a staircase to the Slime Pits.
 10560 | Lair:5   | You fall through a shaft!
 10560 | Lair:6   | Entered Level 6 of the Lair of Beasts
 10564 | Lair:6   | Noticed Avack's ghost (journeyman FeBe)
 10570 | Lair:6   | Noticed a death yak
 10571 | Lair:6   | Noticed a death yak
 10580 | Lair:6   | Noticed an eight-headed hydra
 10580 | Lair:6   | Noticed a five-headed hydra
 10589 | Lair:6   | Slain by Avack's ghost

Vault maps used:
D:1:      minmay_arrival_hallway, grunt_decor_fettered,
          okawaru_ov_weapons_minmay
D:2:      nicolae_overflow_crystal_walls, elyvilon_altar_5,
          lightli_temple_of_fire, uniq_robin, uniq_terence
D:3:      st_stairs_1, uniq_natasha, uniq_crazy_yiuf_cottage
D:4:      ashenzari_altar_1, grunt_dithmenos_smoke_and_mirrors
D:5:      first_bread, serial_shops, shop, kennysheep_generic_room_12
D:6:      minmay_temple_entry_trees, serial_shops, shop, grunt_ministairs_8
D:7:      lemuel_doored_altar, grunt_ogre_cave
D:8:      marbit_many_paths, kennysheep_mini_moat,
          nicolae_overflow_hidden_temple, dpeg_lair_monsters, serial_shops,
          nicolae_shop_crystal
D:9:      lemuel_crystal_altar, nemelex_xobeh_ov_fountains_minmay,
          yredelemnul_forgotten_temple_becter, old_standard_altar, david_orc_3,
          minmay_misc_feat_columns, nicolae_qazlal_general_emergency,
          uniq_erolcha
Lair:1:   grunt_megastairs_3
Lair:2:   minmay_holes, uniq_harold, uniq_gastronok
Lair:3:   nicolae_spider_entry_orb_guardian, grunt_forest_large_clearing_hut
Lair:4:   elwin_shoals_entry_rooms, basic_altar
Lair:5:   minmay_slime_entry_oklob_open, grunt_megastairs_1
Lair:6:   minmay_lair_end_enchanted_forest, grunt_megastairs_2,
          minmay_lair_oklob_chamber

Skill      XL: |  1  2  3  4  5  6  7  8  9 10 11 12 |
---------------+-------------------------------------+-----
Axes           | 3 5 7 8 10 12 13 14 16 | 16.9
Fighting       | 3 5 7 9 |  9.8
Armour         | 4 6 7 |  7.1
Invocations    | 1 4 5 |  5.3
Shields        | |  3.2

Action                   |  1- 3 |  4- 6 |  7- 9 | 10-12 || total
-------------------------+-------+-------+-------+-------++-------
Melee: War axe           |    84 |   215 |   355 |   530 ||  1184
       Mace              |       |       |       |     7 ||     7
Invok: Lesser Healing    |       |     2 |     2 |       ||     4
       Greater Healing   |       |       |     6 |    18 ||    24
 Abil: Heal Wounds       |     2 |     3 |     3 |    12 ||    20
Evoke: Wand              |       |       |     6 |    21 ||    27
       Fan of gales      |       |       |       |     1 ||     1
  Use: Potion            |     1 |       |     2 |       ||     3
       Scroll            |       |     4 |     5 |    19 ||    28
 Stab: Confused          |       |       |       |     6 ||     6
  Eat: Chunk             |       |     7 |    12 |    23 ||    42
       Royal jelly       |       |       |     1 |     1 ||     2
Armor: Scale mail        |    36 |       |       |       ||    36
       Skin              |     4 |       |       |       ||     4
       Chain mail        |       |    80 |    95 |       ||   175
       Plate armour      |       |       |    73 |   282 ||   355
Dodge: Dodged            |    32 |    33 |    57 |   104 ||   226
Block: Shield            |    48 |   111 |   155 |   250 ||   564
